[Event "GambitGuide"]
[Site "Internet Chess Club"]
[Date "2014.10.30"]
[Round "1"]
[White "JSBach"]
[Black "hotspicypawns"]
[Result "1-0"]
[ICCResult "Black resigns"]
[WhiteElo "1651"]
[BlackElo "1373"]
[Opening "Vienna: `Frankenstein-Dracula' variation"]
[ECO "C27"]
[NIC "VG.02"]
[Time "17:19:41"]
[TimeControl "120+12"]

1. e4 e5 2. Nc3 Nf6 3. Bc4 Nxe4 4. Qh5 Nd6 5. Bb3 Nc6 6. Nb5 g6 7. Qf3 f5 8.
Qd5 Qe7 9. Nxc7+ Kd8 10. Nxa8 b6 11. Ba4 Bg7 12. Bxc6 dxc6 13. Qb3 Be6 14.
Qa4 Kd7 15. Qxa7+ {Black resigns} 1-0

[Event "GambitGuide"]
[Site "Internet Chess Club"]
[Date "2014.10.30"]
[Round "1"]
[White "JSBach"]
[Black "Bleeksk"]
[Result "1-0"]
[ICCResult "Black resigns"]
[WhiteElo "1651"]
[BlackElo "1932"]
[Opening "Vienna: `Frankenstein-Dracula' variation"]
[ECO "C27"]
[NIC "VG.02"]
[Time "17:19:18"]
[TimeControl "120+12"]

1. e4 e5 2. Nc3 Nf6 3. Bc4 Nxe4 4. Qh5 Nd6 5. Bb3 Nc6 6. Nb5 g6 7. Qf3 f5 8.
Qd5 Qe7 9. Nxc7+ Kd8 10. Nxa8 b6 11. Ba4 Bb7 12. Nxb6 axb6 13. Qb3 Kc7 14.
Ne2 Qe6 15. Qxe6 dxe6 16. d3 Nf7 17. Bd2 Bc5 18. a3 Rd8 19. O-O Nd4 20. Nc3
Bc6 21. Bxc6 Kxc6 22. Rac1 Nd6 23. b4 N6b5 24. bxc5 Nxc3 25. Bxc3 bxc5 26.
Rfe1 Rd5 27. f3 Kd6 28. a4 Nc6 29. a5 {Black resigns} 1-0

[Event "GambitGuide"]
[Site "Internet Chess Club"]
[Date "2014.10.30"]
[Round "1"]
[White "JSBach"]
[Black "spand42"]
[Result "0-1"]
[ICCResult "White checkmated"]
[WhiteElo "1651"]
[BlackElo "1557"]
[Opening "Vienna: `Frankenstein-Dracula' variation"]
[ECO "C27"]
[NIC "VG.02"]
[Time "17:13:14"]
[TimeControl "120+12"]

1. e4 e5 2. Nc3 Nf6 3. Bc4 Nxe4 4. Qh5 Nd6 5. Bb3 Nc6 6. Nb5 g6 7. Qf3 f5 8.
Qd5 Qe7 9. Nxc7+ Kd8 10. Nxa8 b6 11. Ba4 Bb7 12. Nxb6 axb6 13. Qb3 Kc7 14.
Ne2 Na5 15. Qh3 g5 16. Qg3 f4 17. Qg4 h5 18. Qh3 g4 19. Qc3+ Kb8 20. Qb4 Ka7
21. Rg1 Qh4 22. Bxd7 Ne4 23. Qb5 Nxf2 24. g3 Qxh2 25. Qxe5 f3 26. Rf1 fxe2
27. Rxf2 Qg1+ 28. Kxe2 Bc5 29. Rf7 Bf3+ 30. Rxf3 gxf3+ 31. Kxf3 Rf8+ 32. Bf5
Qh1+ 33. Kf4 Qf1+ 34. Kg5 Rg8+ 35. Kh6 Bf8+ 36. Kh7 Rg7+ 37. Kh8 Qc4 38.
Qxg7+ Bxg7+ 39. Kxg7 Qc7+ 40. Kh6 Qxg3 41. Kxh5 Qe1 42. Kg6 Nc6 43. Kf7 Ne5+
44. Kf6 Nd7+ 45. Bxd7 Kb7 46. Be6 Kc7 47. a4 Kd6 48. Bf5 Qe7+ 49. Kg6 Ke5
50. Bd3 Qf6+ 51. Kh5 Kf4 52. Rb1 Qg5# {White checkmated} 0-1

[Event "GambitGuide"]
[Site "Internet Chess Club"]
[Date "2014.10.30"]
[Round "1"]
[White "JSBach"]
[Black "darthvader"]
[Result "0-1"]
[ICCResult "White checkmated"]
[WhiteElo "1651"]
[BlackElo "1875"]
[Opening "Vienna: `Frankenstein-Dracula' variation"]
[ECO "C27"]
[NIC "VG.02"]
[Time "17:18:42"]
[TimeControl "120+12"]

1. e4 e5 2. Nc3 Nf6 3. Bc4 Nxe4 4. Qh5 Nd6 5. Bb3 Nc6 6. Nb5 g6 7. Qf3 f5 8.
Qd5 Qe7 9. Nxc7+ Kd8 10. Nxa8 b6 11. Ba4 Bg7 12. Bxc6 dxc6 13. Qb3 Be6 14.
Qa4 Qb7 15. Qh4+ Ke8 16. Nxb6 axb6 17. b3 h6 18. Ba3 Ne4 19. d3 Nc5 20. Bxc5
bxc5 21. a4 g5 22. Qh5+ Bf7 23. Qh3 Qb4+ 24. Kf1 Qc3 25. Ra2 Qd2 26. Nf3
Qd1+ 27. Ne1 Bd5 28. Qxf5 Rf8 29. Qg6+ Rf7 30. Qd6 Qd2 31. Qxc5 e4 32. Qb6
Bc3 33. Qb8+ Ke7 34. Qc7+ Kf8 35. Qd6+ Kg7 36. Qe5+ Kh7 37. Qxe4+ Bxe4 38.
Nf3 Bxf3 39. gxf3 Rxf3 40. Kg2 Qxf2# {White checkmated} 0-1

[Event "GambitGuide"]
[Site "Internet Chess Club"]
[Date "2014.10.30"]
[Round "1"]
[White "JSBach"]
[Black "MorningRunner"]
[Result "1-0"]
[ICCResult "Black resigns"]
[WhiteElo "1651"]
[BlackElo "1885"]
[Opening "Vienna: `Frankenstein-Dracula' variation"]
[ECO "C27"]
[NIC "VG.02"]
[Time "17:19:57"]
[TimeControl "120+12"]

1. e4 e5 2. Nc3 Nf6 3. Bc4 Nxe4 4. Qh5 Nd6 5. Bb3 Nc6 6. Nb5 g6 7. Qf3 f5 8.
Qd5 Qe7 9. Nxc7+ Kd8 10. Nxa8 b6 11. Ba4 Bb7 12. Nxb6 axb6 13. Qb3 Nc8 14.
a3 Bg7 15. Ne2 Rf8 16. Qh3 h5 17. Qd3 e4 18. Qd5 Na5 19. Qb5 Kc7 20. Nf4 Nd6
21. Nxg6 Qg5 22. Qxd7+ Kb8 23. Qxd6+ Ka7 24. Nxf8 Qxg2 25. Rf1 {Black
resigns} 1-0

[Event "GambitGuide"]
[Site "Internet Chess Club"]
[Date "2014.10.30"]
[Round "1"]
[White "JSBach"]
[Black "saata"]
[Result "1-0"]
[ICCResult "Black resigns"]
[WhiteElo "1651"]
[BlackElo "1641"]
[Opening "Vienna: `Frankenstein-Dracula' variation"]
[ECO "C27"]
[NIC "VG.02"]
[Time "17:19:34"]
[TimeControl "120+12"]

1. e4 e5 2. Nc3 Nf6 3. Bc4 Nxe4 4. Qh5 Nd6 5. Bb3 Nc6 6. Nb5 g6 7. Qf3 f5 8.
Qd5 Qe7 9. Nxc7+ Kd8 10. Nxa8 b6 11. Ba4 Bb7 12. Nxb6 axb6 13. Qb3 Kc7 14.
Ne2 Bg7 15. O-O e4 16. Re1 Nd4 17. Qc3+ Nc6 18. d4 exd3 19. Qxd3 Re8 20. c3
Ne5 21. Qe3 Ndc4 22. Qf4 d6 23. Bxe8 Nd3 24. Qxc4+ Kd8 25. Qxd3 Kxe8 26. Be3
{Black resigns}
1-0

[Event "GambitGuide"]
[Site "Internet Chess Club"]
[Date "2014.10.30"]
[Round "1"]
[White "JSBach"]
[Black "TheChessFairy"]
[Result "1-0"]
[ICCResult "Black resigns"]
[WhiteElo "1651"]
[BlackElo "1400"]
[Opening "Vienna: `Frankenstein-Dracula' variation"]
[ECO "C27"]
[NIC "VG.02"]
[Time "17:18:33"]
[TimeControl "120+12"]

1. e4 e5 2. Nc3 Nf6 3. Bc4 Nxe4 4. Qh5 Nd6 5. Bb3 Nc6 6. Nb5 g6 7. Qf3 f5 8.
Qd5 Qe7 9. Nxc7+ Kd8 10. Nxa8 b6 11. Ba4 Bb7 12. Nxb6 axb6 13. Qb3 Kc7 14.
Ne2 Bg7 15. O-O e4 16. Re1 h5 17. Nf4 Ne5 18. d4 exd3 19. Nxd3 Be4 20. Bf4
g5 21. Nxe5 Bxe5 22. Bxe5 Qxe5 23. Bxd7 Kxd7 24. Qxb6 Qb5 25. Qd4 Rc8 26.
Rad1 Qc5 27. Qf6 g4 28. b4 Qxb4 29. c3 Qc5 30. Re2 Kc7 31. Qe7+ Kc6 32. Rb2
Rc7 33. Qe6 Bd5 34. Qf6 Rf7 35. Qd8 Nb7 36. Rb6+ {Black resigns} 1-0

[Event "GambitGuide"]
[Site "Internet Chess Club"]
[Date "2014.10.30"]
[Round "1"]
[White "JSBach"]
[Black "hotspicypawns"]
[Result "1-0"]
[ICCResult "Black resigns"]
[WhiteElo "1651"]
[BlackElo "1373"]
[Opening "Vienna: `Frankenstein-Dracula' variation"]
[ECO "C27"]
[NIC "VG.02"]
[Time "17:20:30"]
[TimeControl "120+12"]

1. e4 e5 2. Nc3 Nf6 3. Bc4 Nxe4 4. Qh5 Nd6 5. Bb3 Nc6 6. Nb5 g6 7. Qf3 f5 8.
Qd5 Qe7 9. Nxc7+ Kd8 10. Nxa8 b6 11. Ba4 Bb7 12. Nxb6 axb6 13. Qb3 Nc8 14.
Ne2 Qb4 15. Qf7 Qxa4 16. Qf6+ Kc7 17. Qxh8 Qxc2 18. Qxf8 {Black resigns} 1-0

[Event "GambitGuide"]
[Site "Internet Chess Club"]
[Date "2014.10.30"]
[Round "1"]
[White "JSBach"]
[Black "penguingm1"]
[Result "1-0"]
[ICCResult "Black resigns"]
[WhiteElo "1651"]
[BlackElo "2700"]
[Opening "Vienna: `Frankenstein-Dracula' variation"]
[ECO "C27"]
[NIC "VG.02"]
[Time "17:20:38"]
[TimeControl "120+12"]

1. e4 e5 2. Nc3 Nf6 3. Bc4 Nxe4 4. Qh5 Nd6 5. Bb3 Nc6 6. Nb5 g6 7. Qf3 f5 8.
Qd5 Qe7 9. Nxc7+ Kd8 10. Nxa8 b6 11. Ba4 Bb7 12. Nxb6 axb6 13. Qb3 Kc7 14.
Ne2 Ne4 15. Bb5 Bh6 16. d3 Bxc1 17. Rxc1 Nc5 18. Qa3 Nd4 19. Nxd4 exd4+ 20.
Kd1 Bxg2 21. Qa7+ Nb7 22. c3 Bf3+ 23. Kc2 Qe2+ 24. Kb1 Kd6 25. Rhe1 Qxf2 26.
Qxb6+ Bc6 27. Bxc6 dxc6 28. Qxb7 {Black resigns} 1-0

[Event "GambitGuide"]
[Site "Internet Chess Club"]
[Date "2014.10.30"]
[Round "1"]
[White "JSBach"]
[Black "Stone-Castle"]
[Result "0-1"]
[ICCResult "White checkmated"]
[WhiteElo "1651"]
[BlackElo "1649"]
[Opening "Vienna: `Frankenstein-Dracula' variation"]
[ECO "C27"]
[NIC "VG.02"]
[Time "17:20:51"]
[TimeControl "120+12"]

1. e4 e5 2. Nc3 Nf6 3. Bc4 Nxe4 4. Qh5 Nd6 5. Bb3 Nc6 6. Nb5 g6 7. Qf3 f5 8.
Qd5 Qe7 9. Nxc7+ Kd8 10. Nxa8 b6 11. Ba4 Bb7 12. Nxb6 axb6 13. Qb3 b5 14.
Nf3 bxa4 15. Qxa4 Nd4 16. Nxd4 exd4+ 17. Kf1 Bg7 18. b4 Re8 19. Qa5+ Kc8 20.
Qc5+ Kb8 21. Qxd6+ Qxd6 22. Rb1 Qe6 23. Bb2 Qe2+ 24. Kg1 Qe1+ 25. Rxe1 Rxe1#
{White checkmated}
0-1

[Event "GambitGuide"]
[Site "Internet Chess Club"]
[Date "2014.10.30"]
[Round "1"]
[White "JSBach"]
[Black "TheChessFairy"]
[Result "0-1"]
[ICCResult "White checkmated"]
[WhiteElo "1651"]
[BlackElo "1400"]
[Opening "Vienna: `Frankenstein-Dracula' variation"]
[ECO "C27"]
[NIC "VG.02"]
[Time "17:21:13"]
[TimeControl "120+12"]

1. e4 e5 2. Nc3 Nf6 3. Bc4 Nxe4 4. Qh5 Nd6 5. Bb3 Nc6 6. Nb5 g6 7. Qf3 f5 8.
Qd5 Qe7 9. Nxc7+ Kd8 10. Nxa8 b6 11. Ba4 Bb7 12. Nxb6 axb6 13. Qb3 Kc7 14.
Ne2 Nd4 15. Nxd4 exd4+ 16. Kf1 Bh6 17. Qb4 Re8 18. Qxd6+ Kxd6 19. Bb5 Qe1#
{White checkmated}
0-1

[Event "GambitGuide"]
[Site "Internet Chess Club"]
[Date "2014.10.30"]
[Round "1"]
[White "JSBach"]
[Black "raller"]
[Result "1-0"]
[ICCResult "Black resigns"]
[WhiteElo "1651"]
[BlackElo "1927"]
[Opening "Vienna: `Frankenstein-Dracula' variation"]
[ECO "C27"]
[NIC "VG.02"]
[Time "17:20:15"]
[TimeControl "120+12"]

1. e4 e5 2. Nc3 Nf6 3. Bc4 Nxe4 4. Qh5 Nd6 5. Bb3 Nc6 6. Nb5 g6 7. Qf3 f5 8.
Qd5 Qe7 9. Nxc7+ Kd8 10. Nxa8 b6 11. Ba4 Bb7 12. Nxb6 axb6 13. Qb3 Kc7 14.
Ne2 Qe6 15. Qxe6 dxe6 16. d3 Nd4 17. f3 b5 18. Nxd4 exd4 19. Bb3 e5 20. a4
bxa4 21. Rxa4 Be7 22. Be6 Kb6 23. c4 Bc6 24. Ra1 Nb7 25. Ke2 Nc5 26. Bd5
Bxd5 27. cxd5 Rc8 28. Bd2 Nb3 29. Ra4 Rc2 30. Rd1 Kb5 31. Ra7 Bb4 32. Rb7+
Kc5 33. Rc7+ Kxd5 34. Rxc2 Nxd2 35. Rdxd2 Bxd2 36. Kxd2 e4 37. fxe4+ fxe4
38. dxe4+ Kxe4 39. b4 {Black resigns} 1-0

[Event "GambitGuide"]
[Site "Internet Chess Club"]
[Date "2014.10.30"]
[Round "1"]
[White "JSBach"]
[Black "saata"]
[Result "1-0"]
[ICCResult "Black resigns"]
[WhiteElo "1651"]
[BlackElo "1641"]
[Opening "Vienna: `Frankenstein-Dracula' variation"]
[ECO "C27"]
[NIC "VG.02"]
[Time "17:21:24"]
[TimeControl "120+12"]

1. e4 e5 2. Nc3 Nf6 3. Bc4 Nxe4 4. Qh5 Nd6 5. Bb3 Nc6 6. Nb5 g6 7. Qf3 f5 8.
Qd5 Qe7 9. Nxc7+ Kd8 10. Nxa8 b6 11. Ba4 Nd4 12. f4 Bb7 13. Qxe5 Qxe5+ 14.
fxe5 b5 15. exd6 bxa4 16. Kf2 Nxc2 17. Rb1 Bxa8 18. d4 Bxd6 19. Bg5+ Kc7 20.
Bf6 Rf8 21. Bg7 Rf7 22. Be5 Bxe5 23. dxe5 {Black resigns} 1-0

[Event "GambitGuide"]
[Site "Internet Chess Club"]
[Date "2014.10.30"]
[Round "1"]
[White "JSBach"]
[Black "Zheus"]
[Result "1-0"]
[ICCResult "Black resigns"]
[WhiteElo "1651"]
[BlackElo "2019"]
[Opening "Vienna: `Frankenstein-Dracula' variation"]
[ECO "C27"]
[NIC "VG.02"]
[Time "17:21:10"]
[TimeControl "120+12"]

1. e4 e5 2. Nc3 Nf6 3. Bc4 Nxe4 4. Qh5 Nd6 5. Bb3 Nc6 6. Nb5 g6 7. Qf3 f5 8.
Qd5 Qe7 9. Nxc7+ Kd8 10. Nxa8 b6 11. Ba4 Bb7 12. Nxb6 axb6 13. Qb3 Kc7 14.
Ne2 Na5 15. Qg3 Ne4 16. Qh3 Qb4 17. b3 b5 18. c3 Qc5 19. d4 exd4 20. Bf4+
Bd6 21. b4 Qc4 22. Bxb5 Qxb5 23. Nxd4 Qd5 24. Bxd6+ Nxd6 25. bxa5 Re8+ 26.
Kf1 Ba6+ 27. Kg1 Qxa5 28. Nb3 Qb5 29. Qxh7 Ne4 30. Qxg6 Nxf2 31. Qxe8 Nh3+
32. gxh3 Qb6+ 33. Nd4 Bb7 34. Qe5+ {Black resigns} 1-0

[Event "GambitGuide"]
[Site "Internet Chess Club"]
[Date "2014.10.30"]
[Round "1"]
[White "JSBach"]
[Black "sevifieranet"]
[Result "1-0"]
[ICCResult "Black checkmated"]
[WhiteElo "1651"]
[BlackElo "2005"]
[Opening "Vienna: `Frankenstein-Dracula' variation"]
[ECO "C27"]
[NIC "VG.02"]
[Time "17:16:47"]
[TimeControl "120+12"]

1. e4 e5 2. Nc3 Nf6 3. Bc4 Nxe4 4. Qh5 Nd6 5. Bb3 Nc6 6. Nb5 g6 7. Qf3 f5 8.
Qd5 Qe7 9. Nxc7+ Kd8 10. Nxa8 b6 11. Ba4 Bb7 12. Nxb6 axb6 13. Qb3 Nc8 14.
Ne2 Qe6 15. Qxe6 dxe6 16. Nc3 Bg7 17. Rb1 e4 18. Rf1 Nd6 19. Bb3 Ke7 20. Na4
b5 21. Nc5 Bc8 22. a4 Nd4 23. a5 Nxb3 24. Nxb3 Nc4 25. Kd1 Bd7 26. a6 Kd6
27. c3 Ra8 28. Ra1 Kc6 29. Nd4+ Kb6 30. b3 Bxd4 31. bxc4 Bg7 32. c5+ Kxc5
33. f3 exf3 34. Rxf3 Kb6 35. Rd3 Bc8 36. Bb2 Be5 37. Re3 Bf4 38. Rh3 h5 39.
Rf3 Bxh2 40. c4 Rxa6 41. Bd4+ Kc6 42. Rxa6+ Bxa6 43. Ra3 Bb7 44. cxb5+ Kxb5
45. g3 Kc4 46. Bf2 Bd5 47. Rc3+ Kb4 48. Ke2 h4 49. Bc5+ Kb5 50. gxh4 Be5 51.
d4 Bf6 52. Rg3 Bxh4 53. Rxg6 Bd8 54. Bd6 Kc4 55. Ke3 Bb6 56. Be5 Kb5 57. Rg1
Kc6 58. Kf4 Kd7 59. Rc1 Bd8 60. Rc5 Bb6 61. Rc2 Bd8 62. Rc1 Bb6 63. Rg1 Kc6
64. Rc1+ Kb5 65. Rb1+ Kc6 66. Rg1 Kb5 67. Rb1+ Kc6 68. Rf1 Kb5 69. Rb1+ Kc6
70. Rc1+ Kb5 71. Rc2 Ba5 72. Rc5+ Kb6 73. Bc7+ Ka6 74. Rxa5+ Kb7 75. Bd6 Kc6
76. Ra6+ Kd7 77. Rb6 Kd8 78. Bc5 Kd7 79. Rd6+ Ke7 80. Rxd5+ Kf6 81. Rd7 Kg6
82. Ke5 Kh5 83. Kxe6 Kg5 84. d5 Kg4 85. Rg7+ Kf3 86. Kxf5 Ke2 87. d6 Ke1 88.
d7 Kd1 89. Rg2 Kc1 90. d8=Q Kb1 91. Qd1# {Black checkmated} 1-0

[Event "GambitGuide"]
[Site "Internet Chess Club"]
[Date "2014.10.30"]
[Round "1"]
[White "JSBach"]
[Black "fishhead"]
[Result "0-1"]
[ICCResult "White checkmated"]
[WhiteElo "1651"]
[BlackElo "1597"]
[Opening "Vienna: `Frankenstein-Dracula' variation"]
[ECO "C27"]
[NIC "VG.02"]
[Time "17:15:30"]
[TimeControl "120+12"]

1. e4 e5 2. Nc3 Nf6 3. Bc4 Nxe4 4. Qh5 Nd6 5. Bb3 Nc6 6. Nb5 g6 7. Qf3 f5 8.
Qd5 Qe7 9. Nxc7+ Kd8 10. Nxa8 b6 11. Ba4 Bb7 12. Nxb6 axb6 13. Qb3 b5 14.
Nf3 bxa4 15. Qxa4 Bg7 16. O-O e4 17. Ne1 Qe5 18. Rb1 Ke7 19. d3 Rb8 20. b4
Nd4 21. Bg5+ Ke8 22. Be3 Bc6 23. Qa7 Rb7 24. Bxd4 Rxa7 25. Bxe5 Bxe5 26. a3
Rxa3 27. Rc1 Rc3 28. h4 Nb5 29. Rb1 Nd4 30. Rb2 exd3 31. cxd3 Rc1 32. Ra2
Bb5 33. Ra8+ Ke7 34. Ra2 Bd6 35. Rb2 Nc6 36. h5 Nxb4 37. hxg6 hxg6 38. Re2+
Kf6 39. Re3 Bf4 40. Re8 Nxd3 41. Nxd3 Rxf1+ 42. Kxf1 Bxd3+ 43. Kg1 d5 44. g3
Bd6 45. Re3 Bc4 46. Rc3 Be5 47. Rc2 Bd3 48. Rd2 Be4 49. f4 Bc3 50. Re2 d4
51. g4 d3 52. g5+ Ke6 53. Rf2 d2 54. Rf1 Bc2 55. Kf2 d1=Q 56. Rxd1 Bxd1 57.
Ke3 Bc2 58. Ke2 Kd5 59. Ke3 Kc4 60. Ke2 Kd4 61. Kf2 Ke4 62. Kg3 Bd2 63. Kh3
Kxf4 64. Kh4 Bd1 65. Kh3 Bg4+ 66. Kh2 Kf3 67. Kh1 Kf2 68. Kh2 Bf4+ 69. Kh1
Bf3# {White checkmated} 0-1

[Event "GambitGuide"]
[Site "Internet Chess Club"]
[Date "2014.10.30"]
[Round "1"]
[White "JSBach"]
[Black "Zheus"]
[Result "1-0"]
[ICCResult "Black resigns"]
[WhiteElo "1651"]
[BlackElo "2019"]
[Opening "Vienna: `Frankenstein-Dracula' variation"]
[ECO "C27"]
[NIC "VG.02"]
[Time "17:22:11"]
[TimeControl "120+12"]

1. e4 e5 2. Nc3 Nf6 3. Bc4 Nxe4 4. Qh5 Nd6 5. Bb3 Nc6 6. Nb5 g6 7. Qf3 f5 8.
Qd5 Qe7 9. Nxc7+ Kd8 10. Nxa8 b6 11. Ba4 Bb7 12. Nxb6 axb6 13. Qb3 b5 14.
Nf3 bxa4 15. Qxa4 Bh6 16. d3 Bxc1 17. Rxc1 e4 18. dxe4 Nxe4 19. O-O g5 20.
Rfe1 g4 21. Qb5 Kc7 22. Qxf5 Nd6 23. Qxg4 Rg8 24. Qxg8 {Black resigns} 1-0

[Event "GambitGuide"]
[Site "Internet Chess Club"]
[Date "2014.10.30"]
[Round "1"]
[White "JSBach"]
[Black "saata"]
[Result "0-1"]
[ICCResult "White checkmated"]
[WhiteElo "1651"]
[BlackElo "1641"]
[Opening "Vienna: `Frankenstein-Dracula' variation"]
[ECO "C27"]
[NIC "VG.02"]
[Time "17:22:22"]
[TimeControl "120+12"]

1. e4 e5 2. Nc3 Nf6 3. Bc4 Nxe4 4. Qh5 Nd6 5. Bb3 Nc6 6. Nb5 g6 7. Qf3 f5 8.
Qd5 Qe7 9. Nxc7+ Kd8 10. Nxa8 b6 11. Ba4 Nd4 12. f4 exf4+ 13. Kd1 Bg7 14. g4
Bb7 15. Nxb6 Bxd5 16. Nxd5 Qe4 17. Nxf4 Qxh1 18. Nh3 fxg4 19. d3 gxh3 20.
Be3 Nf3 21. Bc5 Nxg1 22. Bxd6 Nf3+ 23. Ke2 Qg2+ 24. Ke3 Bd4+ 25. Kf4 g5+ 26.
Ke4 Qe2+ 27. Kd5 Qe6# {White checkmated} 0-1

[Event "GambitGuide"]
[Site "Internet Chess Club"]
[Date "2014.10.30"]
[Round "1"]
[White "JSBach"]
[Black "MorningRunner"]
[Result "1-0"]
[ICCResult "Black resigns"]
[WhiteElo "1651"]
[BlackElo "1885"]
[Opening "Vienna: `Frankenstein-Dracula' variation"]
[ECO "C27"]
[NIC "VG.02"]
[Time "17:20:50"]
[TimeControl "120+12"]

1. e4 e5 2. Nc3 Nf6 3. Bc4 Nxe4 4. Qh5 Nd6 5. Bb3 Nc6 6. Nb5 g6 7. Qf3 f5 8.
Qd5 Qe7 9. Nxc7+ Kd8 10. Nxa8 b6 11. Ba4 Bb7 12. Nxb6 axb6 13. Qb3 Kc7 14.
Ne2 Qg5 15. Qg3 Qxg3 16. Nxg3 Bg7 17. d3 Re8 18. c3 b5 19. Bc2 e4 20. d4 Nc4
21. b3 Nb6 22. a4 bxa4 23. bxa4 Ba6 24. Bf4+ Kc8 25. Rb1 Nc4 26. O-O d5 27.
h4 h6 28. Rfe1 Bf6 29. Bxh6 Bxh4 30. Nf1 Bf6 31. Bf4 g5 32. Bg3 f4 33. Bh2
Be7 34. Bd1 Bd6 35. Bh5 Rg8 36. Bf7 Rg7 37. Bxd5 N6a5 38. Bxe4 g4 39. g3 f3
40. Bf5+ Kc7 41. Bd3 Bb7 42. Bf5 Rg5 43. Be6 Na3 44. Rb2 N5c4 45. Rb3 Bd5
46. Bxd5 Rxd5 47. Re4 Nc2 48. Rxg4 Ne1 49. Rb5 Rxb5 50. axb5 Nd3 51. d5 Nce5
52. Re4 Nc5 53. Rd4 {Black resigns} 1-0

[Event "GambitGuide"]
[Site "Internet Chess Club"]
[Date "2014.10.30"]
[Round "1"]
[White "JSBach"]
[Black "dnmuscg"]
[Result "1/2-1/2"]
[ICCResult "Game drawn by repetition"]
[WhiteElo "1651"]
[BlackElo "1659"]
[Opening "Vienna: `Frankenstein-Dracula' variation"]
[ECO "C27"]
[NIC "VG.02"]
[Time "17:19:52"]
[TimeControl "120+12"]

1. e4 e5 2. Nc3 Nf6 3. Bc4 Nxe4 4. Qh5 Nd6 5. Bb3 Nc6 6. Nb5 g6 7. Qf3 f5 8.
Qd5 Qe7 9. Nxc7+ Kd8 10. Nxa8 b6 11. Ba4 Bb7 12. Nxb6 axb6 13. Qb3 Kc7 14.
Ne2 Bg7 15. Nc3 Nd4 16. Nd5+ Bxd5 17. Qxd5 b5 18. Bb3 Rb8 19. d3 e4 20. Qc5+
Nc6 21. O-O exd3 22. cxd3 Bd4 23. Qa3 Qh4 24. Bd5 b4 25. Qa6 Rb6 26. Qa8 f4
27. a4 Rb8 28. Qa6 Rb6 29. Qa8 Rb8 30. Qa6 Rb6 31. Qa8 Rb8 32. Qa6
{Game drawn by repetition}
1/2-1/2

[Event "GambitGuide"]
[Site "Internet Chess Club"]
[Date "2014.10.30"]
[Round "1"]
[White "JSBach"]
[Black "Basilur"]
[Result "1-0"]
[ICCResult "Black resigns"]
[WhiteElo "1651"]
[BlackElo "2182"]
[Opening "Vienna: `Frankenstein-Dracula' variation"]
[ECO "C27"]
[NIC "VG.02"]
[Time "17:22:27"]
[TimeControl "120+12"]

1. e4 e5 2. Nc3 Nf6 3. Bc4 Nxe4 4. Qh5 Nd6 5. Bb3 Nc6 6. Nb5 g6 7. Qf3 f5 8.
Qd5 Qe7 9. Nxc7+ Kd8 10. Nxa8 b6 11. Ba4 Bb7 12. Nxb6 axb6 13. Qb3 Kc8 14.
Qxb6 Nc4 15. Qb5 Qc5 16. c3 Qxb5 17. Bxb5 Nd6 18. a4 Nxb5 19. axb5 Ne7 20.
f3 Nd5 21. d3 Bc5 22. Ne2 Be3 23. c4 Bxc1 24. Rxc1 Nb4 25. Kd2 d5 26. c5 d4
27. c6 Ba8 28. f4 Rd8 29. Rc4 Nd5 30. fxe5 Nb6 31. Rc2 Kc7 32. e6 Re8 33.
Nxd4 Nd5 34. Ra1 {Black resigns} 1-0

[Event "GambitGuide"]
[Site "Internet Chess Club"]
[Date "2014.10.30"]
[Round "1"]
[White "JSBach"]
[Black "saata"]
[Result "1-0"]
[ICCResult "Black resigns"]
[WhiteElo "1651"]
[BlackElo "1641"]
[Opening "Vienna: `Frankenstein-Dracula' variation"]
[ECO "C27"]
[NIC "VG.02"]
[Time "17:23:48"]
[TimeControl "120+12"]

1. e4 e5 2. Nc3 Nf6 3. Bc4 Nxe4 4. Qh5 Nd6 5. Bb3 Nc6 6. Nb5 g6 7. Qf3 f5 8.
Qd5 Qe7 9. Nxc7+ Kd8 10. Nxa8 b6 11. Ba4 Nd4 12. f4 exf4+ 13. Kf2 Ne4+ 14.
Kf1 Ba6+ 15. d3 Bg7 16. Bxf4 Bb7 17. Qxb7 {Black resigns} 1-0

[Event "GambitGuide"]
[Site "Internet Chess Club"]
[Date "2014.10.30"]
[Round "1"]
[White "JSBach"]
[Black "Igor2"]
[Result "1-0"]
[ICCResult "Black checkmated"]
[WhiteElo "1651"]
[BlackElo "1400"]
[Opening "Vienna: `Frankenstein-Dracula' variation"]
[ECO "C27"]
[NIC "VG.02"]
[Time "17:20:03"]
[TimeControl "120+12"]

1. e4 e5 2. Nc3 Nf6 3. Bc4 Nxe4 4. Qh5 Nd6 5. Bb3 Nc6 6. Nb5 g6 7. Qf3 f5 8.
Qd5 Qe7 9. Nxc7+ Kd8 10. Nxa8 b6 11. Ba4 Bb7 12. Nxb6 axb6 13. Qb3 Kc7 14.
Ne2 Qh4 15. O-O g5 16. Re1 f4 17. Nc3 g4 18. Nd5+ Kb8 19. Nxb6 g3 20. Nxd7+
Kc7 21. fxg3 fxg3 22. Qxg3 Qd4+ 23. Qf2 Qxa4 24. Nxf8 Qa8 25. Ne6+ Kd7 26.
Qf6 Nd8 27. Qxh8 Bxg2 28. Nxd8 Bh1 29. Re2 Bf3 30. Rf2 Qe4 31. Qf6 Qe1+ 32.
Rf1 Qe2 33. Rxf3 Ne4 34. Qc6+ Kxd8 35. Rf8+ Ke7 36. Re8+ Kf7 37. Qe6+ Kg7
38. Rg8# {Black checkmated} 1-0

[Event "GambitGuide"]
[Site "Internet Chess Club"]
[Date "2014.10.30"]
[Round "1"]
[White "JSBach"]
[Black "Chaos23"]
[Result "0-1"]
[ICCResult "White checkmated"]
[WhiteElo "1651"]
[BlackElo "2019"]
[Opening "Vienna: `Frankenstein-Dracula' variation"]
[ECO "C27"]
[NIC "VG.02"]
[Time "17:22:15"]
[TimeControl "120+12"]

1. e4 e5 2. Nc3 Nf6 3. Bc4 Nxe4 4. Qh5 Nd6 5. Bb3 Nc6 6. Nb5 g6 7. Qf3 f5 8.
Qd5 Qe7 9. Nxc7+ Kd8 10. Nxa8 b6 11. Ba4 Bb7 12. Nxb6 axb6 13. Qb3 Kc7 14.
Ne2 Nd4 15. Nxd4 exd4+ 16. Kf1 Qe4 17. f3 Qe5 18. Qb4 Ne4 19. Qb5 Nc5 20.
Qc4 d5 21. Qb5 Ba6 22. Qxa6 Nxa6 23. Kf2 d3 24. Re1 Qd4+ 25. Re3 Qxa4 26.
Rxd3 Bc5+ 27. Kf1 Re8 28. b3 Qh4 29. Re3 Bxe3 30. dxe3 Qxh2 31. Rb1 f4 32.
e4 dxe4 33. fxe4 Rxe4 34. Ba3 Qh1+ 35. Kf2 Qxb1 36. Kf3 Qxc2 37. Bd6+ Kxd6
38. Kg4 Qxg2+ 39. Kh4 Re3 40. a3 Rh3# {White checkmated} 0-1

[Event "GambitGuide"]
[Site "Internet Chess Club"]
[Date "2014.10.30"]
[Round "1"]
[White "JSBach"]
[Black "raller"]
[Result "0-1"]
[ICCResult "White checkmated"]
[WhiteElo "1651"]
[BlackElo "1927"]
[Opening "Vienna: `Frankenstein-Dracula' variation"]
[ECO "C27"]
[NIC "VG.02"]
[Time "17:22:09"]
[TimeControl "120+12"]

1. e4 e5 2. Nc3 Nf6 3. Bc4 Nxe4 4. Qh5 Nd6 5. Bb3 Nc6 6. Nb5 g6 7. Qf3 f5 8.
Qd5 Qe7 9. Nxc7+ Kd8 10. Nxa8 b6 11. Ba4 Bb7 12. Nxb6 axb6 13. Qb3 b5 14.
Nf3 bxa4 15. Qxa4 e4 16. Nd4 Bg7 17. Ne2 Kc7 18. Nc3 Nd4 19. Qa5+ Kb8 20.
Qa4 Bc6 21. Qb4+ Kc8 22. Kd1 e3 23. fxe3 Bxg2 24. Qc5+ Nc6 25. Rg1 Bf3+ 26.
Ne2 Qh4 27. Qxd6 Qf2 28. Re1 Be5 29. Qd3 Bxh2 30. Qa6+ Kc7 31. d3 Bg3 32.
Bd2 Qg2 33. Ba5+ Nxa5 34. Qxa5+ Kd6 35. Qb4+ Ke6 36. Qc4+ Ke7 37. Qb4+ Kf7
38. Qb3+ Kg7 39. Qc3+ Kh6 40. Qxh8 Bxe1 41. Qf8+ Kh5 42. Kc1 Qxe2 43. b3 Bc3
44. Qxf5+ gxf5 45. Rb1 Qd1# {White checkmated} 0-1

[Event "GambitGuide"]
[Site "Internet Chess Club"]
[Date "2014.10.30"]
[Round "1"]
[White "JSBach"]
[Black "zigzag2002"]
[Result "1-0"]
[ICCResult "Black resigns"]
[WhiteElo "1651"]
[BlackElo "1937"]
[Opening "Vienna: `Frankenstein-Dracula' variation"]
[ECO "C27"]
[NIC "VG.02"]
[Time "17:24:30"]
[TimeControl "120+12"]

1. e4 e5 2. Nc3 Nf6 3. Bc4 Nxe4 4. Qh5 Nd6 5. Bb3 Nc6 6. Nb5 g6 7. Qf3 f5 8.
Qd5 Qe7 9. Nxc7+ Kd8 10. Nxa8 b6 11. Ba4 Bb7 12. Nxb6 axb6 13. Qb3 Kc7 14.
Ne2 Bg7 15. Qd3 e4 16. Qb3 Qg5 17. O-O Ne5 18. d4 Nf3+ 19. Kh1 Nh4 20. Bxg5
{Black resigns}
1-0